 Dungeon Crawl Stone Soup version 0.29-a0-341-g24ffce5b50 (webtiles) character file.

Game seed: 18195977186149502781

2 spaghetti the Caller (level 1, 15/15 HPs)
             Began as a Deep Dwarf Summoner on Apr 20, 2022.
             Quit the game on level 1 of the Dungeon.
             The game lasted 00:00:20 (45 turns).

spaghetti the Caller (Deep Dwarf Summoner)            Turns: 45, Time: 00:00:21

Health: 15/15      AC:  2    Str: 11    XL:     1   Next: 33%
Magic:  3/3        EV: 12    Int: 15    God:
Gold:   0          SH:  0    Dex: 13    Spells: 2/3 levels left

rFire   . . .      SeeInvis .   (no weapon)
rCold   . . .      Faith    .   (no shield)
rNeg    . . .      Spirit   .   a - +0 robe
rPois   .          Reflect  .   (no helmet)
rElec   .          Harm     .   (no cloak)
rCorr   .          Rampage  .   (no gloves)
Will    .....                   (no boots)
Stlth   ++........              (no amulet)
HPRegen 0.00/turn               (no ring)
MPRegen 0.08/turn               (no ring)

@: no status effects
A: damage resistance, heal wounds, sense surroundings 1, no regeneration
a: Heal Wounds


You were on level 1 of the Dungeon.
You visited 1 branch of the dungeon, and saw 1 of its levels.


Innate Abilities, Weirdness & Mutations

You are resistant to damage.
You can heal yourself by infusing magical energy.
You passively map a small area around you.
You do not regenerate.


   Skills:
 - Level 2.1 Dodging
 - Level 2.4 Stealth
 - Level 1.7 Spellcasting
 + Level 3.6 Summonings
 * Level 0.3 Air Magic


You had 2 spell levels left.
You knew the following spells:

 Your Spells              Type           Power      Damage    Failure   Level
a - Summon Small Mammal   Summ           48%        N/A       4%          1

Your spell library contained the following spells:

 Spells                   Type           Power      Damage    Failure   Level
 Call Imp                 Summ           12%        N/A       8%          2
 Call Canine Familiar     Summ           12%        N/A       16%         3
 Summon Guardian Golem    Hex/Summ       6%         N/A       32%         3
 Summon Lightning Spire   Summ/Air       7%         N/A       69%         4

Inventory:

Missiles
 c - 5 poisoned darts {throwing}
Armour
 a - a +0 robe (worn)
Potions
 b - a potion of magic
 d - a potion of heal wounds {unknown}

Dungeon Overview and Level Annotations

Branches:
Dungeon (1/15)

Altars:

......♣ *,
.....♣ *
####....♣♣ , ,
.........♣
...†...♣♣ ,
######......♣
*
............♣
, ,
..P.P..r....♣
.P.P.P.@#..#♣*
, ,
..P.P...#..#
.P.....8#..#
,, ,
g.P.P.P.#..# *
*...P.P..#..#
*
*.......8##'#
#########..##
+......#....#
#......'....#


You could see a hobgoblin (asleep) and a friendly rat (summoned).


Message History

🤖 Initializing magus.rc ...
Options error: Delay interrupt name "hungry" not recognised. (~/.crawlrc:4761) Options error: Bad monster_list_colour key: strict_neutral (~/.crawlrc:4776) ✅ Successfully initialized magus.rc [v1.9.6] Welcome, spaghetti the Deep Dwarf Summoner.
Everyone else who sought the Orb of Zot has failed.
Will you be different?
Press ? for a list of commands and other information.
Found 5 poisoned darts and an emerald potion.
Found a staircase leading out of the dungeon.
c - 5 poisoned darts {throwing}
d - an emerald potion You open the door.
There is an open door here.
You open the door.
There is an open door here.
A giant cockroach comes into view.
A giant cockroach is nearby!
Casting: Summon Small Mammal (safe; 5% risk of failure)
Confirm with . or Enter, or press ? or * to list all spells.
😎 MP[-1]
You lost 1 mp, and now have 2/3 mp.
Casting: Summon Small Mammal (safe; 5% risk of failure)
Confirm with . or Enter, or press ? or * to list all spells.
😎 MP[-1]
You lost 1 mp, and now have 1/3 mp.
What are your orders? t - Shout!
Orders for allies: a - Attack new target. r - Retreat! s - Stop attacking. g - Guard the area. f - Follow me.
Anything else - Cancel.
Gang up on whom?
Press: ? - help, Dir - move target, f - giant cockroach
Aim: a giant cockroach (ally target) Attack!
Your bat closely misses the giant cockroach.
Your bat hits the giant cockroach but does no damage.
Your rat barely misses the giant cockroach.
Your rat barely misses the giant cockroach.
You hit the giant cockroach but do no damage.
The giant cockroach barely misses you.
Your bat closely misses the giant cockroach.
Your rat bites the giant cockroach.
Okay, then.
You hit the giant cockroach but do no damage.
Your bat closely misses the giant cockroach.
The giant cockroach bites you.
Your rat bites the giant cockroach.
The giant cockroach bites you but does no damage.
You barely miss the giant cockroach. The giant cockroach bites you.
Your bat hits the giant cockroach but does no damage.
Your rat barely misses the giant cockroach.
You hit the giant cockroach. Your bat hits the giant cockroach.
The giant cockroach dies!
A quokka comes into view.
A quokka is nearby!
A quokka is nearby!
A quokka is nearby!
A quokka is nearby!
A quokka is nearby!
What are your orders? t - Shout!
Orders for allies: a - Attack new target. r - Retreat! s - Stop attacking. g - Guard the area. f - Follow me.
Anything else - Cancel.
Gang up on whom?
Press: ? - help, Dir - move target, f - quokka
Aim: a quokka (asleep, ally target) Attack!
Your bat hits the quokka but does no damage.
Your bat closely misses the quokka. 😎 MP[+1]
Your bat barely misses the quokka.
Your bat hits the quokka but does no damage.
The quokka closely misses your bat.
Your rat bites the quokka.
Your bat hits the quokka. The quokka closely misses your bat.
Your bat barely misses the quokka.
Your rat closely misses the quokka.
Your bat closely misses the quokka.
The quokka bites your bat but does no damage.
Your rat closely misses the quokka.
The quokka closely misses your bat.
Your bat barely misses the quokka.
Your rat bites the quokka.
The quokka barely misses your bat.
Your bat misses the quokka. The quokka misses your bat.
Your bat closely misses the quokka.
Your rat bites the quokka.
The quokka dies!
Your bat disappears in a puff of smoke!
A hobgoblin comes into view. 😎 MP[+1]
Your mp is fully restored (3).
A hobgoblin is nearby!
A hobgoblin is nearby!
A hobgoblin is nearby!
A hobgoblin is nearby!
Are you sure you want to abandon this character and quit the game? (Confirm with "yes".)

Action                   || total
-------------------------++-------
Melee: Unarmed           ||     4
 Cast: Summon Small Mamm ||     2
Armor: Robe              ||     1
Dodge: Dodged            ||     1

Levels and vault maps discovered:
D:1:      sevenhm_arrival_forest_fort_large_4, layout_loops_ring

Notes
Turn   | Place    | Note
-------+----------+-------------------------------------------
     0 | D:1      | spaghetti the Deep Dwarf Summoner began the quest for the
                  | Orb.
     0 | D:1      | Reached XP level 1. HP: 15/15 MP: 3/3
     0 | D:1      | magus.rc [v1.9.6]
    45 | D:1      | Quit the game

Vanquished Creatures (collateral kills)
  A giant cockroach (D:1)
  A quokka (D:1)
2 creatures vanquished.

Table legend:
 A = Non-vault XP
 B = Vault XP
 C = Vault XP percentage of total XP
 D = Non-vault monster count
 E = Vault monster count
 F = Vault count percentage of total count
                 A         B        C        D         E       F
            +---------+---------+-------+---------+---------+-------
      Total |       4 |       0 |   0.0 |       2 |       0 |   0.0
            +---------+---------+-------+---------+---------+-------
        D:1 |       4 |       0 |   0.0 |       2 |       0 |   0.0
            +---------+---------+-------+---------+---------+-------

Illustrated notes

Table legend:
 A = Kills in this place as a percentage of kills in entire the game.
 B = Kills by you in this place as a percentage of kills by you in the entire game.
 C = Kills by friends in this place as a percentage of kills by friends in the entire game.
 D = Other kills in this place as a percentage of other kills in the entire game.
 E = Experience gained in this place as a percentage of experience gained in the entire game.
 F = Experience gained in this place divided by the number of levels of this place that you have seen.
                   A       B       C       D       E      F
               +-------+-------+-------+-------+-------+----------------------
         Total | 100.0 |   N/A | 100.0 |   N/A | 100.0 |   4.0
       Dungeon | 100.0 |   N/A | 100.0 |   N/A | 100.0 |   4.0
               +-------+-------+-------+-------+-------+----------------------

Table legend: (Time is in decaauts)
 A = Elapsed time spent in this place.
 B = Non-inter-level travel time spent in this place.
 C = Inter-level travel time spent in this place.
 D = Time resting spent in this place.
 E = Time spent auto-exploring this place.
 F = Levels seen in this place.
 G = Mean time per level.
                   A        B        C        D        E       F      G
               +--------+--------+--------+--------+--------+-----+--------+
         Total |     45 |     45 |      0 |      0 |     22 |   1 |   45.0 |
       Dungeon |     45 |     45 |      0 |      0 |     22 |   1 |   45.0 |
               +--------+--------+--------+--------+--------+-----+--------+

Top non-repeatable levels by time:
     D:1: 45 daAuts
